AoeStats
← BronzyRex6

Acropolis

503140585Analyzed
1v1 RM · 1mo ago on Aug 30, 2026· 167m 54s· 2 players
Game mode
Random Map
Map size
Tiny (2 player)
Population
200
Speed
Normal
Resources
Standard
Victory
Conquest
Starting age
Dark Age
Ending age
Imperial Age
RankedLock teamsTeams togetherTeam positionsShared explorationLock speedFull tech treeHidden civsTurbo modeCheats
Victory
Defeat
🇭🇺 Khmer · Hungary
437
+18
🇩🇪 Romans · Germany
483
-18
BronzyRex6
0:54 Loom
12:12 Feudal Age
17:26 Castle Age
16:03 Wheelbarrow
15:14 Town Watch
25:26 Horse Collar
25:51 Double-Bit Axe
33:42 Imperial Age
33:01 Forging
32:58 Scale Barding Armor
34:36 Hand Cart
34:30 Gold Mining
38:18 Double Crossbow
39:32 Conscription
40:18 Chain Barding Armor
41:08 Iron Casting
40:42 Husbandry
41:01 Bloodlines
42:24 Bow Saw
42:39 Town Patrol
45:08 Chemistry
44:17 Murder Holes
45:05 Cavalier
47:17 Elite Ballista Elephant
48:53 Gold Shaft Mining
49:33 Blast Furnace
49:50 Plate Barding Armor
49:07 Fletching
51:23 Hoardings
52:34 Ballistics
52:35 Masonry
54:48 Heavy Plow
63:31 Theocracy
64:42 Light Cavalry
80:42 Bodkin Arrow
80:50 Scale Mail Armor
85:53 Crop Rotation
113:53 Pikeman
119:19 Bracer
119:36 Chain Mail Armor
153:37 Hussar
Sir Benni Miles
0:50 Loom
11:02 Feudal Age
12:18 Wheelbarrow
11:32 Double-Bit Axe
11:30 Horse Collar
17:37 Gold Mining
21:34 Castle Age
19:31 Stone Mining
19:31 Man-at-Arms
20:36 Scale Mail Armor
20:47 Forging
22:49 Bow Saw
25:12 Hand Cart
24:44 Long Swordsman
28:21 Gold Shaft Mining
27:58 Heavy Plow
33:00 Imperial Age
30:29 Pikeman
31:05 Fishing Lines
32:28 Squires
33:14 Ballistics
37:39 Town Watch
38:46 Crop Rotation
38:57 Halberdier
41:18 Chemistry
40:17 Fletching
42:14 Conscription
44:11 Guard Tower
44:18 Bodkin Arrow
44:29 Scale Barding Armor
44:40 Chain Mail Armor
45:01 Iron Casting
44:08 Crossbowman
45:02 Elite Skirmisher
46:43 Town Patrol
47:01 Block Printing
47:14 Legionary
48:09 Ballistas
51:35 Blast Furnace
50:36 Padded Archer Armor
52:08 Keep
51:56 Chain Barding Armor
53:03 Masonry
53:08 Careening
53:08 Clinker Construction
53:26 Comitatenses
54:20 Leather Archer Armor
54:40 Plate Barding Armor
54:20 Gillnets
61:13 Elite Centurion
62:41 Architecture
75:47 Carvel Hull
87:29 Cavalier
88:10 Husbandry
93:28 Light Cavalry
104:52 Bloodlines
137:55 Medium Warships
Connection lost

Rejoining the realm…

Still unreachable

The connection could not be restored.

Session expired

The server has moved on; the page needs a fresh start.